 Dungeon Crawl Stone Soup version 0.29.1 (webtiles) character file.

Game seed: 5149536817705903592

25696 wakxed the Zephyrmancer (level 13, -12/115 HPs)
             Began as a Naga Air Elementalist on Sept 12, 2022.
             Was an Elder of Sif Muna.
             Killed from afar by a raiju (26 damage)
             ... with a living lightning
             ... on level 2 of the Abyss.
             The game lasted 01:25:48 (19148 turns).

wakxed the Zephyrmancer (Naga Air Elementalist)    Turns: 19148, Time: 01:25:49

Health: -12/115    AC: 11    Str: 10    XL:     13   Next: 21%
Magic:  24/26      EV: 10    Int: 21    God:    Sif Muna [****..]
Gold:   1251       SH:  0    Dex: 12    Spells: 9/31 levels left

rFire   . . .      SeeInvis +   h - staff of conjuration
rCold   + . .      Faith    .   (no shield)
rNeg    + . .      Spirit   .   t - +2 robe {rC+}
rPois   +          Reflect  .   P - +2 helmet
rElec   .          Harm     .   (no cloak)
rCorr   .          Rampage  .   a - +0 pair of gloves
Will    ++...                   (no barding)
Stlth   ++........              (no amulet)
HPRegen 1.09/turn               o - ring of positive energy
MPRegen 0.20/turn               T - ring of willpower

@: about to teleport, very slow
A: AC +4, large, see invisible, deformed body, poison resistance, slowness 2,
spit poison 1, naga tail 2, passive freeze, regeneration 1
a: Spit Poison, Renounce Religion, Channel Magic, Forget Spell, Divine Exegesis


You were on level 2 of the Abyss.
You worshipped Sif Muna.
Sif Muna was greatly pleased with you.
You visited 2 branches of the dungeon, and saw 16 of its levels.
You visited the Abyss 1 time.
You also visited: Bailey.

You collected 1251 gold pieces.

Inventory:

Hand Weapons
 D - a +0 dagger of draining
 G - a +0 long sword of electrocution
 Q - a +2 flail of draining
 R - a +2 antimagic whip
Missiles
 F - a curare-tipped dart
 K - 2 silver boomerangs
 O - 5 boomerangs
Armour
 a - a +0 pair of gloves (worn)
 t - a +2 robe of cold resistance (worn)
 P - a +2 helmet (worn)
Magical Staves
 h - a staff of conjuration (weapon)
Jewellery
 j - a ring of flight
 o - a ring of positive energy (left hand)
 y - a ring of protection from cold
 J - a ring of fire
 T - a ring of willpower (right hand)
Wands
 d - a wand of mindburst (27)
 i - a wand of quicksilver (12)
 u - a wand of iceblast (9)
 B - a wand of polymorph (13)
 L - a wand of charming (9)
 N - a wand of digging (3)
 S - a wand of flame (9)
Scrolls
 k - a scroll of torment {unknown}
 l - 3 scrolls of amnesia
 n - 5 scrolls of noise
 r - 3 scrolls of vulnerability
 v - a scroll of immolation
 A - a scroll of silence
 C - 3 scrolls of teleportation
 E - a scroll of blinking {unknown}
 H - a scroll of summoning {unknown}
 M - a scroll of enchant weapon
Potions
 b - 2 potions of magic
 c - 7 potions of curing
 e - a potion of haste
 f - 3 potions of might
 g - a potion of mutation
 m - 5 potions of heal wounds
 p - a potion of cancellation
 q - a potion of experience {unknown}
 s - 2 potions of degeneration {unknown}
 w - 3 potions of flight
 x - a potion of resistance {unknown}
 I - 4 potions of lignification
Miscellaneous
 z - a phial of floods


   Skills:
 - Level 7.0 Fighting
 - Level 3.8(5.9) Polearms
 + Level 7.1(7.5) Staves
 - Level 1.5 Dodging
 - Level 3.0 Stealth
 + Level 9.8 Spellcasting
 + Level 9.5 Conjurations
 + Level 11.7 Air Magic
 + Level 7.1 Evocations


You had 9 spell levels left.
You knew the following spells:

 Your Spells              Type           Power      Damage    Failure   Level
a - Shock                 Conj/Air       100%       1d9       1%          1
b - Static Discharge      Conj/Air       70%        3-12/arc  1%          2
c - Swiftness             Air            56%        N/A       1%          3
d - Airstrike             Air            28%        2d(4-20)  1%          4
e - Mephitic Cloud        Conj/Pois/Air  57%        N/A       1%          3
f - Summon Lightning Spi  Summ/Air       35%        N/A       6%          4
g - Lightning Bolt        Conj/Air       35%        1d53      2%          5

Your spell library contained the following spells:

 Spells                   Type           Power      Damage    Failure   Level
 Magic Dart               Conj           100%       1d8       1%          1
 Stone Arrow              Conj/Erth      90%        3d12      2%          3
 Slow                     Hex            40%        N/A       7%          1
 Call Imp                 Summ           10%        N/A       10%         2
 Confusing Touch          Hex            10%        N/A       21%         3
 Gell's Gravitas          Tloc           10%        N/A       21%         3
 Lesser Beckoning         Tloc           10%        N/A       21%         3
 Teleport Other           Tloc           10%        N/A       21%         3
 Vampiric Draining        Necr           10%        2d6       21%         3
 Anguish                  Hex/Necr       5%         N/A       54%         4
 Animate Armour           Summ/Erth      20%        N/A       54%         4
 Summon Mana Viper        Hex/Summ       10%        N/A       88%         5
 Eringya's Noxious Bog    Tmut/Pois      5%         N/A       100%        6
 Lehudib's Crystal Spear  Conj/Erth      22%        10d6      100%        8


Dungeon Overview and Level Annotations

Branches:
Dungeon (15/15)            Temple (1/1) D:4            Lair (0/5) D:11
    Orc (0/2) D:10         Bailey (visited)
 Vaults: D:13-14     Depths: D:15

Altars:
Ashenzari
Cheibriados
Dithmenos
Elyvilon
Fedhas
Gozag
Hepliaklqana
Kikubaaqudgha
Makhleb
Nemelex Xobeh
Okawaru
Qazlal
Ru
Sif Muna
Trog
Uskayaw
Vehumet
Wu Jian
Xom
Yredelemnul
Zin
The Shining One

Shops:
D:5 (   D:12 [*(   D:13 (

Annotations:
D:11 2 transporters, funnyparkerb's ghost, journeyman MfGl


Innate Abilities, Weirdness & Mutations

Your serpentine skin is tough. (AC +4)
You have supernaturally acute eyesight. (SInv)
Armour fits poorly on your strangely shaped body.
Your system is resistant to poisons. (rPois)
You cover ground very slowly.
You can spit poison.
You can use your snake-like lower body to constrict enemies.
A frigid envelope surrounds you and freezes all who hurt you.
Your natural rate of healing is unusually fast.


Message History

The living lightning hits the raiju.
The raiju completely resists.
The living lightning hits you!!
* * * LOW HITPOINT WARNING * * *
The raiju blinks!
You feel much better. The raiju closely misses you. x2
You closely miss the raiju. You grab the raiju.
The raiju is lightly wounded.
You constrict the raiju, but do no damage.
The raiju bites you.
* * * LOW HITPOINT WARNING * * *
The raiju shocks you!
* * * LOW HITPOINT WARNING * * *
The raiju is very cold.
The raiju is moderately wounded.
The raiju bursts into living lightning!
The living lightning hits you!
* * * LOW HITPOINT WARNING * * *
The raiju blinks!
You feel much better.
You constrict the raiju. The raiju bites you!
* * * LOW HITPOINT WARNING * * *
The raiju shocks you!
* * * LOW HITPOINT WARNING * * *
The raiju is very cold.
The raiju is moderately wounded.
The raiju barely misses you.
You hit the raiju but do no damage.
You blast the raiju!
The raiju is severely wounded.
You constrict the raiju. The raiju closely misses you.
The raiju bursts into living lightning!
The living lightning hits you!!
* * * LOW HITPOINT WARNING * * *
The raiju blinks free!
You feel much better.
The raiju bursts into living lightning!
The living lightning hits you!
* * * LOW HITPOINT WARNING * * *
The raiju blinks!
The raiju bursts into living lightning!
The living lightning hits you!!
You die...

. . # ##. .##...#h
##.#. ## . #
......#h# ...
.#..## # ##.###h
..#### #...###..##
##.##. #.#
#...h#.#.##..... ##
#..#.
#@h..........#
....######..####..#
##..# # ## ..#
#..## ## # ..#. ..
##.#. . . ####.#..
.... #.# . .#
...#.#.. ..# .. ..#
### #... .#.. ..##
#.... ## . . #..#.


You could see 2 raiju.

Vanquished Creatures
  A two-headed ogre (D:12)
  Lodul (D:10)
  4 skeletal warriors
  A phantasmal warrior (Abyss:2)
  An ugly thing (D:15)
  3 cyclopes
  3 manticores
  A guardian serpent (shapeshifter) (D:14)
  Joseph (D:7)
  An unseen horror (D:12)
  2 gargoyles
  A komodo dragon (D:9)
  A tengu conjurer (D:14)
  A troll (D:13)
  3 meliai (D:14)
  2 hornets (D:7)
  3 slime creatures (D:12)
  2 shadows
  A water elemental (D:14)
  A wyvern (D:9)
  3 vampires
  Sigmund (D:4)
  3 wraiths
  14 yaks
  Eustachio (D:3)
  8 vampire mosquitoes
  4 steam dragons
  Duvessa (D:4)
  2 water moccasins
  2 orc warriors (D:9)
  4 black bears
  3 sky beasts
  9 ogres
  2 centaurs
  A phantom (D:3)
  2 kobold brigands
  2 bullfrogs
  4 scorpions
  A gnoll sergeant (D:8)
  Dowan (D:4)
  12 killer bees
  9 vampire bats (Bailey)
  6 wolf zombies (Bailey)
  3 howler monkeys
  3 electric eels (D:14)
  A quasit (Abyss:2)
  2 hounds (D:5)
  3 orc priests
  2 iguanas (D:6)
  9 orc wizards
  8 gnolls
  6 adders
  2 white imps
  3 worms
  2 dart slugs
  23 orcs
  8 endoplasms
  9 goblins
  12 hobgoblins
  6 jackals
  4 quokkas
  5 ball pythons
  8 bats
  3 frilled lizards
  14 kobolds
  21 orc zombies (Bailey)
  3 rats
289 creatures vanquished.

Vanquished Creatures (collateral kills)
  2 boulder beetles
  A tengu warrior (D:14)
  A skeletal warrior (D:14)
  2 cyclopes (D:14)
  A tengu conjurer (D:14)
  3 slime creatures (D:12)
  A wraith (D:12)
  A centaur simulacrum (D:12)
  6 yaks
  A basilisk (D:13)
  An ogre (D:10)
  A centaur (D:9)
  2 howler monkeys (D:9)
  3 orc wizards (D:13)
  4 orcs
30 creatures vanquished.

Vanquished Creatures (others)
  8 plants (D:14)
8 creatures vanquished.

Grand Total: 327 creatures vanquished

Notes
Turn   | Place    | Note
-------+----------+-------------------------------------------
     0 | D:1      | wakxed the Naga Air Elementalist began the quest for the
                  | Orb.
     0 | D:1      | Reached XP level 1. HP: 15/15 MP: 3/3
   307 | D:1      | Reached XP level 2. HP: 22/22 MP: 5/5
   318 | D:1      | Learned a level 2 spell: Static Discharge
   905 | D:2      | Reached XP level 3. HP: 17/28 MP: 0/6
  1467 | D:2      | Reached XP level 4. HP: 27/36 MP: 1/8
  1861 | D:2      | Learned a level 3 spell: Swiftness
  2559 | D:4      | Noticed Sigmund
  2577 | D:4      | Killed Sigmund
  2578 | D:4      | Reached skill level 4 in Air Magic
  2578 | D:4      | Reached XP level 5. HP: 5/42 MP: 1/10
  2578 | D:4      | Reached XP level 6. HP: 6/49 MP: 1/11
  2853 | D:4      | Noticed Eustachio
  3072 | D:3      | Killed Eustachio
  3073 | D:3      | Reached skill level 5 in Air Magic
  3073 | D:3      | Reached XP level 7. HP: 46/55 MP: 5/13
  3154 | D:4      | Learned a level 4 spell: Airstrike
  3399 | D:4      | Found a staircase to the Ecumenical Temple.
  3433 | Temple   | Entered the Ecumenical Temple
  3504 | Temple   | Became a worshipper of Sif Muna the Loreminder
  3592 | D:4      | Noticed Duvessa
  3601 | D:4      | Noticed Dowan
  3602 | D:4      | Killed Duvessa
  3603 | D:4      | Reached skill level 1 in Fighting
  4097 | D:4      | Killed Dowan
  4585 | D:4      | Reached skill level 1 in Polearms
  4585 | D:4      | Reached XP level 8. HP: 68/68 MP: 12/15
  4629 | D:4      | Reached skill level 5 in Spellcasting
  4705 | D:5      | Entered Level 5 of the Dungeon
  4716 | D:5      | Reached skill level 6 in Air Magic
  4818 | D:5      | Gained mutation: You are resistant to electric shocks.
                  | (rElec) [potion of mutation]
  4818 | D:5      | Gained mutation: You are frail. (-10% HP) [potion of
                  | mutation]
  4818 | D:5      | Lost mutation: You are frail. (-10% HP) [potion of
                  | mutation]
  5105 | D:5      | Found Asupesupt's Weapon Shoppe.
  5586 | D:6      | Noticed a shadow
  5592 | D:6      | Killed a shadow
  5959 | D:6      | Found a hazy altar of Hepliaklqana.
  6081 | D:6      | Noticed a +0 falchion
  6082 | D:6      | Noticed a +0 short sword
  6082 | D:6      | Noticed a +0 spear
  6082 | D:6      | Noticed a +0 spear
  6082 | D:6      | Noticed a +0 dagger
  6082 | D:6      | Noticed a +0 dagger
  6083 | D:6      | Noticed a +0 falchion
  6083 | D:6      | Noticed a +0 short sword
  6089 | D:6      | Reached XP level 9. HP: 77/79 MP: 12/18
  6090 | D:6      | Reached skill level 7 in Air Magic
  6256 | D:6      | Found a hide-covered altar of Uskayaw.
  6473 | D:7      | Noticed a hornet
  6480 | D:7      | Killed a hornet
  6566 | D:7      | Reached * piety under Sif Muna
  6567 | D:7      | Reached skill level 5 in Fighting
  6636 | D:7      | Noticed Joseph
  6713 | D:7      | Noticed a hornet
  6718 | D:7      | Killed a hornet
  6728 | D:7      | Found a flagged portal.
  6774 | Bailey   | Entered a bailey
  7445 | Bailey   | Noticed a gargoyle
  7487 | Bailey   | Killed a gargoyle
  7488 | Bailey   | Reached skill level 5 in Conjurations
  7488 | Bailey   | Reached skill level 8 in Air Magic
  7984 | Bailey   | Reached ** piety under Sif Muna
  8024 | Bailey   | Reached XP level 10. HP: 71/91 MP: 5/20
  8713 | D:7      | Reached skill level 9 in Air Magic
  8717 | D:7      | Learned a level 3 spell: Mephitic Cloud
  8758 | D:7      | Killed Joseph
  9733 | D:8      | Lost mutation: You are resistant to electric shocks.
                  | (rElec) [potion of mutation]
  9733 | D:8      | Gained mutation: A frigid envelope surrounds you and
                  | freezes all who hurt you. [potion of mutation]
  9733 | D:8      | Gained mutation: Your natural rate of healing is unusually
                  | fast. [potion of mutation]
  9810 | D:8      | Found a glowing silver altar of Zin.
 10121 | D:8      | Found a snail-covered altar of Cheibriados.
 10356 | D:9      | Reached skill level 1 in Evocations
 10418 | D:9      | Reached skill level 1 in Staves
 11066 | D:9      | Learned a level 4 spell: Summon Lightning Spire
 11072 | D:9      | Learned a level 5 spell: Lightning Bolt
 11192 | D:9      | Found a radiant altar of Vehumet.
 11704 | D:9      | Found a white marble altar of Elyvilon.
 11900 | D:10     | Entered Level 10 of the Dungeon
 11909 | D:10     | Reached XP level 11. HP: 99/99 MP: 19/22
 12039 | D:10     | Reached *** piety under Sif Muna
 12087 | D:10     | Noticed Lodul
 12449 | D:10     | Killed Lodul
 12603 | D:10     | Reached skill level 10 in Air Magic
 12886 | D:10     | Found an ancient bone altar of Kikubaaqudgha.
 12886 | D:10     | Found a stormy altar of Qazlal.
 12888 | D:10     | Found a basalt altar of Yredelemnul.
 13140 | D:10     | Found a staircase to the Orcish Mines.
 13760 | D:11     | Noticed an ettin
 13761 | D:11     | Noticed funnyparkerb's ghost (journeyman MfGl)
 14022 | D:11     | Found a transporter.
 14024 | D:11     | Found a transporter.
 14100 | D:11     | Found a staircase to the Lair.
 14102 | D:11     | Got Eqipti's Tome of Mutagenic Execration
 14545 | D:12     | Found Poneugot's Antique Armour Shoppe.
 14662 | D:12     | Noticed a cyclops
 14668 | D:12     | Killed a cyclops
 14824 | D:12     | Reached **** piety under Sif Muna
 14825 | D:12     | Reached XP level 12. HP: 104/109 MP: 7/24
 15166 | D:12     | Found Fauclunn's Assorted Antiques.
 15298 | D:12     | Found Zischuroo's Weapon Boutique.
 15410 | D:12     | Reached skill level 5 in Staves
 15410 | D:12     | Reached skill level 5 in Evocations
 15749 | D:12     | Noticed a two-headed ogre
 15756 | D:12     | Killed a two-headed ogre
 16122 | D:13     | Noticed a boulder beetle
 16129 | D:13     | Killed a boulder beetle
 16130 | D:13     | Reached skill level 11 in Air Magic
 16728 | D:13     | Found Waneclej's Antique Weapon Shoppe.
 18536 | D:14     | Gained mutation: You can use your snake-like lower body to
                  | constrict enemies. [Naga growth]
 18536 | D:14     | Reached XP level 13. HP: 83/115 MP: 21/26
 18669 | D:14     | Noticed a vault guard
 18669 | D:14     | Noticed a vault guard
 18686 | D:15     | Entered Level 15 of the Dungeon
 19071 | Abyss:2  | Cast into level 2 of the Abyss (a wizard)
 19116 | Abyss:2  | Noticed a great orb of eyes
 19147 | Abyss:2  | HP: 5/115 [raiju/living lightning (21)]
 19148 | Abyss:2  | Killed from afar by a raiju

Illustrated notes

Levels and vault maps discovered:
D:1:      minmay_arrival_glassed_features, layout_basic, grunt_decor_arrowhead
D:2:      layout_loops_ring
D:3:      layout_rooms
D:4:      dreamdust_elfheim, layout_layer_cave, minmay_temple_entry_arrows,
          minmay_bent, uniq_sigmund, uniq_duvessa, uniq_eustachio
D:5:      layout_rooms, serial_shops, nicolae_shop_advertising_works
          [nicolae_subvault_shop_adworks]
D:6:      layout_loops_cross, mainiacjoe_overflow_24_doors,
          nicolae_uskayaw_en_pointe
D:7:      layout_rooms, enter_bailey_5, uniq_joseph
D:8:      layout_loops_ring, mainiacjoe_overflow_catwalk,
          mainiacjoe_overflow_small_starburst
D:9:      layout_small_grid, mainiacjoe_overflow_tiny_flanked,
          mainiacjoe_overflow_brackets
D:10:     layout_loops_ring, minitemple, uniq_lodul
D:11:     layout_loops_ring, lair_entry_dummy, gammafunk_ghost_arena
D:12:     layout_rooms, serial_shops, shop_fountains, shop,
          nicolae_shop_bloodbath_and_beyond, serial_rivers,
          chequers_serial_rivers_room_b, chequers_serial_rivers_large_b,
          chequers_serial_rivers_small_a, chequers_serial_rivers_micro_a,
          chequers_serial_rivers_large_a, chequers_serial_rivers_marsh
D:13:     layout_irregular_city, serial_shops, shop, grunt_ministairs_4
D:14:     layout_long_grid, lightli_vaults_fourway_checkpoint,
          serial_bayou_ford_a, uniq_azrael
D:15:     grunt_enter_depths_hoard, layout_basic, minmay_misc_feat_diagonals,
          drop_trap
Temple:   cyrus_circular_temple
Abyss:2:  base:
Temple

Skill      XL: |  1  2  3  4  5  6  7  8  9 10 11 12 13 |
---------------+----------------------------------------+-----
Conjurations   | 2 3 4 5 6 7 9 |  9.5
Spellcasting   | 3 4 6 7 8 9 |  9.8
Air Magic      | 4 5 6 8 9 10 11 | 11.7
Fighting       | 2 4 5 6 7 |  7.0
Polearms       | 1 3 |  3.8
Evocations     | 2 4 6 7 |  7.1
Staves         | 2 4 6 7 |  7.1
Dodging        | |  1.5
Stealth        | |  3.0

Action                   |  1- 3 |  4- 6 |  7- 9 | 10-12 | 13-15 || total
-------------------------+-------+-------+-------+-------+-------++-------
Melee: Dagger            |     4 |       |       |       |       ||     4
       Trident           |     3 |    17 |       |       |       ||    20
       Halberd           |       |     4 |    32 |    15 |       ||    51
       Short sword       |       |       |    45 |    22 |       ||    67
       Staff             |       |       |       |    57 |    15 ||    72
       Punch             |       |       |       |     3 |       ||     3
       Constrict         |       |       |       |       |     4 ||     4
 Cast: Shock             |    56 |    66 |    93 |   190 |     8 ||   413
       Static Discharge  |       |       |    43 |   102 |     5 ||   150
       Swiftness         |       |       |     2 |     1 |     1 ||     4
       Airstrike         |       |       |    12 |    44 |     6 ||    62
       Summon Lightning  |       |       |       |    32 |     4 ||    36
       Lightning Bolt    |       |       |       |     4 |       ||     4
       Mephitic Cloud    |       |       |       |     1 |       ||     1
 Abil: Spit Poison       |    17 |    17 |    31 |    49 |     4 ||   118
  Use: Scroll            |     4 |     6 |    17 |     6 |     1 ||    34
       Potion            |       |     2 |     3 |     5 |     3 ||    13
 Stab: Sleeping          |     1 |       |       |       |       ||     1
Armor: Robe              |     2 |     8 |    74 |    71 |     7 ||   162
Dodge: Dodged            |     9 |    21 |    91 |   146 |    14 ||   281
